 Dungeon Crawl Stone Soup version 0.23-a0-470-g6f7cfd9 (webtiles) character file.

14 Lavandula the Sneak (level 2, -2/22 HPs)
             Began as a Naga Air Elementalist on Nov 26, 2018.
             Slain by a killer bee zombie (6 damage)
             ... on level 2 of the Dungeon.
             The game lasted 00:01:48 (415 turns).

Lavandula the Sneak (Naga Air Elementalist)          Turns: 415, Time: 00:01:49

Health: -2/22      AC:  1    Str: 10    XL:     2   Next: 45%
Magic:  0/5        EV: 10    Int: 15    God:
Gold:   20         SH:  0    Dex: 11    Spells: 3/6 levels left

rFire    . . .     SeeInvis +   (no weapon)
rCold    . . .     Gourm    .   (no shield)
rNeg     . . .     Faith    .   a - +0 robe
rPois    +         Spirit   .   (no helmet)
rElec    .         Reflect  .   (no cloak)
rCorr    .         Harm     .   (no gloves)
MR       .....                  (no barding)
Stlth    ++........             (no amulet)
HPRegen  0.07/turn              (no ring)
MPRegen  0.09/turn              (no ring)

@: very slow
A: large, see invisible, deformed body, poison resistance, slowness 2, slow
metabolism 1, spit poison 1, AC +0
a: Spit Poison


You were on level 2 of the Dungeon.
You were not hungry.

You visited 1 branch of the dungeon, and saw 2 of its levels.

You collected 20 gold pieces.

Inventory:

Armour
 a - a +0 robe (worn)
Scrolls
 b - a scroll of noise
 d - a scroll of remove curse
Potions
 f - a potion of curing {unknown}
Comestibles
 c - 2 rations


   Skills:
 - Level 1.5 Dodging
 - Level 3.0 Stealth
 + Level 2.9 Spellcasting
 - Level 1.0 Conjurations
 - Level 3.0 Air Magic


You had 3 spell levels left.
You knew the following spells:

 Your Spells              Type           Power        Failure   Level  Hunger
a - Shock                 Conj/Air       #...         9%          1    #......
b - Swiftness             Chrm/Air       #.......     17%         2    ##.....

Your spell library contained the following spells:

 Spells                   Type           Power        Failure   Level  Hunger
 Static Discharge         Conj/Air       #.......     26%         3    ###....
 Airstrike                Air            ##........   52%         4    #####..
 Lightning Bolt           Conj/Air       #.........   94%         5    ######.


Dungeon Overview and Level Annotations

Branches:
Dungeon (2/15)

Altars:


Innate Abilities, Weirdness & Mutations

You cannot wear boots.
Your serpentine skin is tough. (AC +0)
You have supernaturally acute eyesight. (SInv)
Armour fits poorly on your strangely shaped body.
Your system is resistant to poisons. (rPois)
You cover ground very slowly.
You have a slow metabolism.
You can spit poison.


Message History

You see here a bat corpse.
Casting: Shock (safe; 9% risk of failure)
Confirm with . or Enter, or press ? or * to list all spells.
Aiming: Shock (safe; 9% risk of failure)
Press: ? - help, Shift-Dir - straight line The zap misses the killer bee zombie.
The zap hits the killer bee zombie.
The killer bee zombie is moderately damaged.
The zap misses the leopard gecko.
The killer bee zombie hits you.
The killer bee zombie closely misses you.
Unknown command.
As you read the scroll labeled HUOLUUBIOP, it crumbles to dust.
It is a scroll of identify.
b - a scroll of noise The killer bee zombie hits you.
As you read the scroll of identify, it crumbles to dust.
d - a scroll of remove curse The killer bee zombie hits you.
* * * LOW HITPOINT WARNING * * *
The killer bee zombie hits you.
You die...

# #. #. #.####
### #..(.### ..
###)..#### #.##
###..........
#..#
##.Zl####.....
#.#######.@###
###.
####.........##
#...<....#####
#####.##..#
#...#..#
###.##...
#..##### ##.# #


You could see a killer bee zombie and a leopard gecko.

Vanquished Creatures
  2 giant cockroaches
  2 hobgoblins (D:1)
  2 jackals (D:1)
  A ball python (D:1)
  5 bats
  A frilled lizard (D:1)
  A rat (D:1)
14 creatures vanquished.

Notes
Turn   | Place    | Note
-------+----------+-------------------------------------------
     0 | D:1      | Lavandula the Naga Air Elementalist began the quest for the
                  | Orb.
     0 | D:1      | Reached XP level 1. HP: 15/15 MP: 3/3
   244 | D:1      | Reached XP level 2. HP: 22/22 MP: 0/5
   376 | D:1      | Learned a level 2 spell: Swiftness
   415 | D:2      | Slain by a killer bee zombie

Vault maps used:
D:1:      dpeg_cavernosity, serial_forest, infiniplex_forest_end_3,
          infiniplex_forest_straight_1, infiniplex_forest_clump_C,
          infiniplex_forest_clump_large, infiniplex_forest_straight_4,
          infiniplex_forest_lined_3_way, infiniplex_forest_end_3,
          infiniplex_forest_corner_1, infiniplex_forest_clump_tiny,
          infiniplex_forest_fountain
D:2:      lemuel_doored_altar

Action                   || total
-------------------------++-------
Melee: Unarmed           ||     6
 Cast: Shock             ||    24
 Abil: Spit Poison       ||    10
  Use: Scroll            ||     2
Armor: Robe              ||     9
Dodge: Dodged            ||    24

Table legend:
 A = Non-vault XP
 B = Vault XP
 C = Vault XP percentage of total XP
 D = Non-vault monster count
 E = Vault monster count
 F = Vault count percentage of total count
                 A         B        C        D         E       F
            +---------+---------+-------+---------+---------+-------
      Total |      21 |       0 |   0.0 |      14 |       0 |   0.0
            +---------+---------+-------+---------+---------+-------
        D:1 |      17 |       0 |   0.0 |      12 |       0 |   0.0
        D:2 |       4 |       0 |   0.0 |       2 |       0 |   0.0
            +---------+---------+-------+---------+---------+-------
